 Dungeon Crawl Stone Soup version 0.26-a0-1177-g1209ec82b9 (webtiles) character file.

Game seed: 6620059160987592625

134 sahdkjhfkaj the Conjurer (level 4, -4/24 HPs)
             Began as a Deep Elf Conjurer on Dec 24, 2020.
             Slain by a hobgoblin
             ... wielding a +0 rapier
              (8 damage)
             ... on level 3 of the Dungeon.
             The game lasted 00:01:41 (2079 turns).

sahdkjhfkaj the Conjurer (Deep Elf Conjurer)        Turns: 2079, Time: 00:01:43

Health: -4/24      AC:  2    Str:  4    XL:     4   Next: 95%
Magic:  1/12       EV: 13    Int: 24    God:
Gold:   121        SH:  0    Dex: 13    Spells: 0/11 levels left

rFire    . . .     SeeInvis .   (no weapon)
rCold    . . .     Faith    .   (no shield)
rNeg     . . .     Spirit   .   a - +0 robe
rPois    .         Reflect  .   (no helmet)
rElec    .         Harm     .   (no cloak)
rCorr    .         Rampage  .   (no gloves)
Will     .....                  (no boots)
Stlth    ++........             (no amulet)
HPRegen  0.08/turn              (no ring)
MPRegen  0.13/turn              (no ring)

@: no status effects
A: no striking features
a: no special abilities


You were on level 3 of the Dungeon.
You visited 1 branch of the dungeon, and saw 3 of its levels.

You collected 121 gold pieces.

Inventory:

Armour
 a - a +0 robe (worn)
Scrolls
 b - 6 scrolls of identify {unknown}
 e - 2 scrolls of immolation {unknown}
 h - a scroll of amnesia {unknown}
 i - a scroll of fog {unknown}
 j - a scroll of teleportation {unknown}
 k - 2 scrolls of enchant armour {unknown}
 l - 3 scrolls of fear {unknown}
Potions
 c - a potion of cancellation {unknown}
 d - a potion of berserk rage {unknown}
 f - 2 potions of might {unknown}
 g - 2 potions of haste {unknown}
 m - 2 potions of degeneration {unknown}


   Skills:
 - Level 2.4 Dodging
 - Level 2.4 Stealth
 + Level 4.3 Spellcasting
 + Level 5.1 Conjurations
 + Level 2.7 Hexes
 + Level 2.3 Translocations


You couldn't memorise any spells.
You knew the following spells:

 Your Spells              Type           Power        Failure   Level
a - Magic Dart            Conj           100%         1%          1
b - Searing Ray           Conj           58%          1%          2
f - Fulminant Prism       Conj/Hex       12%          19%         4
M - Iskenderun's Mystic   Conj/Tloc      23%          21%         4

Your spell library contained the following spells:

 Spells                   Type           Power        Failure   Level
 Dazzling Flash           Conj/Hex       48%          5%          3


Dungeon Overview and Level Annotations

Branches:
Dungeon (3/15)

Altars:
Ashenzari
Okawaru
Vehumet

Annotations:
D:2 2 transporters


Message History

The hobgoblin barely misses you.
You completely miss the hobgoblin.
The hobgoblin is moderately wounded.
The hobgoblin hits you with a +0 rapier!
You hit the hobgoblin but do no damage.
The hobgoblin is moderately wounded.
The hobgoblin hits you with a +0 rapier.
* * * LOW HITPOINT WARNING * * *
You see here an adder corpse.
You see here a poisoned dart.
You see here a spear.
Casting: Magic Dart (safe; 1% risk of failure)
Confirm with . or Enter, or press ? or * to list all spells.
Aiming: Searing Ray (safe; 1% risk of failure)
Press: ? - help, Shift-Dir - straight line, f/p - hobgoblin
Aim: a hobgoblin, wielding a +0 rapier (lightly wounded, 21% to evade)
The searing ray misses the hobgoblin. (Press . to maintain the ray.)
The hobgoblin hits you with a +0 rapier!
You die...

....# #.#.# #.#.#
####.#.#
.....#.###########
#.#...........)..#
).)†(#..#####.##.#
####.#..# #.##g#
#.#..# #.##@####
)....#####..>....#
........#####.##.#
.#.##..........##.#
#.#.#####.########.#
.)........# #.#
#..#####..# #.#
#..########.#######
#........)........#


You could see a hobgoblin.

Vanquished Creatures
  6 adders
  2 oozes
  A leopard gecko (D:1)
  5 orcs (D:3)
  7 bats
  2 giant cockroaches (D:2)
  7 goblins
  11 hobgoblins
  6 jackals
  4 kobolds
  4 quokkas
  4 frilled lizards
  A rat (D:1)
60 creatures vanquished.

Notes
Turn   | Place    | Note
-------+----------+-------------------------------------------
     0 | D:1      | sahdkjhfkaj the Deep Elf Conjurer began the quest for the
                  | Orb.
     0 | D:1      | Reached XP level 1. HP: 10/10 MP: 6/6
   151 | D:1      | Reached skill level 1 in Hexes
   151 | D:1      | Reached XP level 2. HP: 15/15 MP: 4/8
   199 | D:1      | Reached skill level 1 in Translocations
   309 | D:1      | Learned a level 2 spell: Searing Ray
   629 | D:1      | Reached XP level 3. HP: 19/19 MP: 8/10
   758 | D:2      | Found an iron altar of Okawaru.
   855 | D:2      | Found a faded altar of an unknown god.
  1052 | D:2      | Reached XP level 4. HP: 21/24 MP: 1/11
  1192 | D:2      | Found a transporter.
  1233 | D:2      | Found a radiant altar of Vehumet.
  1372 | D:2      | Found a transporter.
  1373 | D:2      | Noticed an ogre
  1379 | D:2      | Found a broken altar of Ashenzari.
  1541 | D:2      | Learned a level 4 spell: Fulminant Prism
  1546 | D:2      | Learned a level 4 spell: Iskenderun's Mystic Blast
  1626 | D:3      | Noticed a phantom
  1627 | D:3      | Reached skill level 5 in Conjurations
  2079 | D:3      | Slain by a hobgoblin

Illustrated notes

Levels and vault maps discovered:
D:1:      dpeg_arrival_simpleton_c, layout_basic
D:2:      layout_rooms, vehumet_crystals, gammafunk_temple_overflow_arena,
          chequers_ecumenical_altar_simple, okawaru_gym_becter
D:3:      layout_loops_ring, old_standard_altar

Skill      XL: |  1  2  3  4 |
---------------+-------------+-----
Hexes          | 1 2 |  2.7
Translocations | 1 2 |  2.3
Spellcasting   | 4 |  4.3
Conjurations   | 5 |  5.1
Dodging        | |  2.4
Stealth        | |  2.4

Action                   |  1- 3 |  4- 6 || total
-------------------------+-------+-------++-------
Melee: Unarmed           |       |    30 ||    30
 Cast: Magic Dart        |    58 |    56 ||   114
       Searing Ray       |     1 |     2 ||     3
Armor: Robe              |     3 |    11 ||    14
Dodge: Dodged            |    11 |    20 ||    31

Table legend: (Time is in decaauts)
 A = Elapsed time spent in this place.
 B = Non-inter-level travel time spent in this place.
 C = Inter-level travel time spent in this place.
 D = Time resting spent in this place.
 E = Time spent auto-exploring this place.
 F = Levels seen in this place.
 G = Mean time per level.
                   A        B        C        D        E       F      G
               +--------+--------+--------+--------+--------+-----+--------+
         Total |   2078 |   2025 |     53 |      0 |   1773 |   3 |  692.7 |
       Dungeon |   2078 |   2025 |     53 |      0 |   1773 |   3 |  692.7 |
               +--------+--------+--------+--------+--------+-----+--------+

Top non-repeatable levels by time:
     D:2: 800 daAuts
     D:1: 758 daAuts
     D:3: 519 daAuts
